Canadiens vs Blue Jackets
(R2)
Created - March 23, 2020 at 19:00
Goals
|
| Canadiens |
1 |
3 |
2 |
6 |
| Blue Jackets |
2 |
1 |
0 |
3 |
|
Shots
|
| Canadiens |
8 |
21 |
14 |
43 |
| Blue Jackets |
7 |
4 |
8 |
19 |
|
1st period
1. Canadiens , Pierre-Marc Bouchard 8 (Shaone Morrisonn 14, Brett Maclean 10) at 9:29
2. Blue Jackets , Mike Comrie 9 (Rob Scuderi 17, Derek Boogaard 31) at 17:03
3. Blue Jackets , Andreas Nodl 16 (Max Pacioretty 19) at 19:54
Penalties :
Anthony Bitetto (Clb) for Diving (Minor) at 6:35, Vitaly Vishnevsky (Mon) for Hooking (Minor) at 14:11, Vitaly Vishnevsky (Mon) for Tripping (Minor) at 17:34
2nd period
4. Canadiens , Steve Downie 13 (Colton Parayko 19) at 1:57
5. Canadiens , Greg Stewart 26 (Frans Nielsen 29) at 16:28 (PP)
6. Blue Jackets , Mike Comrie 10 (Mike Lundin 37, Martin Havlat 26) at 16:49
7. Canadiens , Enver Lisin 7 (Raphael Diaz 20) at 17:48
Penalties :
Mike Comrie (Clb) for Roughing (Minor) at 3:07, Henrik Sedin (Mon) for Holding (Minor) at 4:19, Tyler Kennedy (Clb) for Hooking (Minor) at 7:35, Mike Lundin (Clb) for High sticking (Minor) at 15:25
3rd period
8. Canadiens , Greg Stewart 27 (Corey Perry 42, Colton Parayko 20) at 9:39
9. Canadiens , Corey Perry 32 (Henrik Sedin 54, Benoit Pouliot 43) at 19:01 (PP)
Penalties :
Mark Stuart (Mon) for Tripping (Minor) at 10:02, Tyler Kennedy (Clb) for Hooking (Minor) at 18:50
Goalie Stats
Henrik Lundqvist (Mon), 16 saves from 19 shots - (0.842), W, 31-15-8, 60:00 minutes
Rick DiPietro (Clb), 37 saves from 43 shots - (0.860), L, 25-19-10, 60:00 minutes
Players Stats for Canadiens
Player Name G A P +/- PIM S H SB GA TA FO MP PP MP PK MP
------------------------------------------------------------------------------------
Benoit Pouliot 0 1 1 0 0 6 2 0 0 0 1/1 19:58 3:59 2:52
Brett Maclean 0 1 1 2 0 1 1 0 0 0 0/0 9:44 0:07 0:05
Bryce Lampman 0 0 0 0 0 1 0 0 0 0 0/0 20:12 4:49 4:50
Colton Parayko 0 2 2 2 0 2 3 2 0 1 0/0 25:13 1:35 3:31
Corey Perry 1 1 2 0 0 3 0 0 2 0 6/10 21:31 3:59 3:43
Dustin Boyd 0 0 0 -1 0 4 2 0 0 0 0/2 11:22 0:00 1:56
Enver Lisin 1 0 1 2 0 2 0 0 0 0 0/0 9:34 0:07 0:00
Frans Nielsen 0 1 1 0 0 2 3 0 0 0 5/9 17:56 2:18 1:47
Greg Stewart 2 0 2 0 0 6 3 1 1 0 2/2 16:50 2:18 0:39
Henrik Sedin 0 1 1 0 2 2 1 0 1 1 15/29 20:45 3:58 3:16
Mark Stuart 0 0 0 -1 2 1 0 1 0 2 0/0 19:23 0:00 3:15
Nikolai Zherdev 0 0 0 -1 0 1 1 1 0 0 0/1 9:13 0:00 0:00
Pierre-Marc Bouchard 1 0 1 2 0 3 2 0 0 0 1/3 10:16 0:07 0:00
Raphael Diaz 0 1 1 2 0 0 0 0 1 0 0/0 19:54 1:35 0:00
Shaone Morrisonn 0 1 1 0 0 1 0 0 0 0 0/0 13:32 0:00 2:04
Steve Downie 1 0 1 0 0 3 2 0 1 0 0/0 15:15 2:18 0:00
Viktor Stalberg 0 0 0 -1 0 2 0 0 0 0 0/0 9:13 0:00 0:00
Vitaly Vishnevsky 0 0 0 -1 4 3 3 1 2 0 0/0 22:09 4:49 0:38
Players Stats for Blue Jackets
Player Name G A P +/- PIM S H SB GA TA FO MP PP MP PK MP
------------------------------------------------------------------------------------
A.J Thelen 0 0 0 -1 0 0 0 0 0 2 0/0 9:52 0:00 0:38
Andreas Nodl 1 0 1 0 0 3 2 1 0 0 0/0 13:27 0:11 0:00
Anthony Bitetto 0 0 0 -1 2 0 0 1 0 0 0/0 5:16 0:00 0:00
Artemi Panarin 0 0 0 -1 0 2 3 0 1 0 1/4 22:33 3:15 3:31
Branislav Mezei 0 0 0 -2 0 0 0 2 0 0 0/0 20:47 3:03 2:35
Cam Fowler 0 0 0 -2 0 0 1 1 0 1 0/0 20:47 3:03 2:35
Cody Eakin 0 0 0 0 0 0 1 0 0 0 6/7 14:12 0:00 0:31
Dalton Prout 0 0 0 -1 0 0 0 0 0 0 0/0 9:04 0:00 0:00
Derek Boogaard 0 1 1 -1 0 3 1 0 1 0 4/10 24:17 3:49 3:07
Eric Wellwood 0 0 0 0 0 0 0 0 0 0 0/0 6:40 0:00 1:29
Martin Havlat 0 1 1 0 0 1 4 0 1 1 0/0 21:54 3:54 1:48
Max Pacioretty 0 1 1 0 0 0 0 2 0 1 0/1 14:42 0:00 2:22
Mike Comrie 2 0 2 0 2 5 0 1 0 0 14/28 19:32 4:00 0:00
Mike Lundin 0 1 1 2 2 2 0 2 0 0 0/0 25:08 4:06 3:11
Peter Mueller 0 0 0 0 0 1 1 0 0 1 2/6 16:59 3:09 0:00
Rob Scuderi 0 1 1 2 0 2 2 1 0 2 0/0 25:47 4:06 3:49
Ryan Wilson 0 0 0 0 0 0 0 0 0 0 0/0 4:22 0:00 0:00
Tyler Kennedy 0 0 0 0 4 0 2 0 1 0 0/1 17:25 3:09 0:00
3 Stars
1 - Greg Stewart (Mon)
2 - Colton Parayko (Mon)
3 - Pierre-Marc Bouchard (Mon)
Power Play
Canadiens - 2 on 5 Attempt(s) - 40.00%
Blue Jackets - 0 on 4 Attempt(s) - 0.00%
Penalty Kill
Canadiens - 4 on 4 Attempt(s) - 100.00%
- Score 0 goal in Penalty Kill
Blue Jackets - 3 on 5 Attempt(s) - 60.00%
- Score 0 goal in Penalty Kill
Team Stat
Canadiens - Hits : 23 - Faceoff Wins : 30 - Blocked Shots : 6 - Penalty Minutes : 8
Blue Jackets - Hits : 17 - Faceoff Wins : 27 - Blocked Shots : 11 - Penalty Minutes : 10
Official
Referees : Unknown
Linesman : Unknown
Game Notes
No Game Note
Finance
Level 1 -- Attendance: 4315 (71.92%) -- Ticket Income $496,225
Level 2 -- Attendance: 3680 (73.60%) -- Ticket Income $276,000
Level 3 -- Attendance: 1458 (72.90%) -- Ticket Income $65,610
Level 4 -- Attendance: 3464 (86.60%) -- Ticket Income $103,920
Luxury Box -- Attendance: 677 (67.70%) -- Ticket Income $145,555
Game was played at the Ohio State Arena.
Total Attendance: 13594 (75.52%)
Total Ticket Income: $1,087,310
Other Income: $163,096
Total Income: $1,250,406
Canadiens
5 vs 5 Forward
Center Left Wing Right Wing Time % Phy DF OF
1 Henrik Sedin Benoit Pouliot Steve Downie 40 0 0 5
2 Frans Nielsen Greg Stewart Corey Perry 30 0 0 5
3 Pierre-Marc Bouchard Brett Maclean Enver Lisin 15 0 2 3
4 Dustin Boyd Viktor Stalberg Nikolai Zherdev 15 1 2 2
5 vs 5 Defense
Defense Defense Time % Phy DF OF
1 Colton Parayko Raphael Diaz 40 0 2 3
2 Mark Stuart Vitaly Vishnevsky 30 0 2 3
3 Shaone Morrisonn Bryce Lampman 20 0 3 2
4 Mark Stuart Colton Parayko 10 1 2 2
PowerPlay Forward
Center Left Wing Right Wing Time % Phy DF OF
1 Henrik Sedin Benoit Pouliot Corey Perry 60 0 0 5
2 Frans Nielsen Greg Stewart Steve Downie 40 0 0 5
PowerPlay Defense
Defense Defense Time % Phy DF OF
1 Bryce Lampman Vitaly Vishnevsky 60 0 1 4
2 Colton Parayko Raphael Diaz 40 0 1 4
Penalty Kill 4 Players Forward
Center Wing Time % Phy DF OF
1 Corey Perry Henrik Sedin 60 0 5 0
2 Benoit Pouliot Frans Nielsen 40 0 5 0
Penalty Kill 4 Players Defense
Defense Defense Time % Phy DF OF
1 Bryce Lampman Mark Stuart 60 0 5 0
2 Colton Parayko Vitaly Vishnevsky 40 0 5 0
Penalty Kill - 3 Players Forward
Forward Time % Phy DF OF
1 Corey Perry 60 0 5 0
2 Henrik Sedin 40 0 5 0
Penalty Kill - 3 Players Defense
Defense Defense Time % Phy DF OF
1 Mark Stuart Vitaly Vishnevsky 60 1 4 0
2 Colton Parayko Bryce Lampman 40 1 4 0
4 vs 4 Forward
Center Wing Time % Phy DF OF
1 Corey Perry Henrik Sedin 60 0 2 3
2 Benoit Pouliot Frans Nielsen 40 0 2 3
4 vs 4 Defense
Defense Defense Time % Phy DF OF
1 Bryce Lampman Vitaly Vishnevsky 60 0 2 3
2 Colton Parayko Mark Stuart 40 0 2 3
Last Minutes Offensive
Center Left Wing Right Wing Defense Defense
Henrik Sedin Benoit Pouliot Corey Perry Bryce Lampman Vitaly Vishnevsky
Last Minutes Defensive
Center Left Wing Right Wing Defense Defense
Henrik Sedin Benoit Pouliot Corey Perry Bryce Lampman Mark Stuart
Goaltenders
Starting : Henrik Lundqvist
Backup : Allen York
Extra Forwards
Normal : Pierre-Marc Bouchard, Brett Maclean, Dustin Boyd - PP : Pierre-Marc Bouchard, Brett Maclean - PK : Dustin Boyd
Extra Defensemen
Normal : Raphael Diaz, Vitaly Vishnevsky, Colton Parayko - PP : Raphael Diaz - PK : Mark Stuart, Colton Parayko
Penalty Shots
Corey Perry, Henrik Sedin, Benoit Pouliot, Frans Nielsen, Greg Stewart
Scratches
None
Blue Jackets
5 vs 5 Forward
Center Left Wing Right Wing Time % Phy DF OF
1 Mike Comrie Derek Boogaard Martin Havlat 40 1 2 2
2 Peter Mueller Artemi Panarin Tyler Kennedy 30 1 2 2
3 Cody Eakin Max Pacioretty Andreas Nodl 20 1 2 2
4 Derek Boogaard Eric Wellwood Artemi Panarin 10 1 2 2
5 vs 5 Defense
Defense Defense Time % Phy DF OF
1 Mike Lundin Rob Scuderi 40 1 2 2
2 Cam Fowler Branislav Mezei 30 1 2 2
3 Dalton Prout A.J Thelen 20 1 2 2
4 Anthony Bitetto Ryan Wilson 10 1 2 2
PowerPlay Forward
Center Left Wing Right Wing Time % Phy DF OF
1 Mike Comrie Derek Boogaard Martin Havlat 60 1 2 2
2 Peter Mueller Artemi Panarin Tyler Kennedy 40 1 2 2
PowerPlay Defense
Defense Defense Time % Phy DF OF
1 Mike Lundin Rob Scuderi 60 1 2 2
2 Cam Fowler Branislav Mezei 40 1 2 2
Penalty Kill 4 Players Forward
Center Wing Time % Phy DF OF
1 Derek Boogaard Artemi Panarin 60 1 2 2
2 Martin Havlat Max Pacioretty 40 1 2 2
Penalty Kill 4 Players Defense
Defense Defense Time % Phy DF OF
1 Mike Lundin Rob Scuderi 60 1 2 2
2 Cam Fowler Branislav Mezei 40 1 2 2
Penalty Kill - 3 Players Forward
Forward Time % Phy DF OF
1 Derek Boogaard 60 1 2 2
2 Artemi Panarin 40 1 2 2
Penalty Kill - 3 Players Defense
Defense Defense Time % Phy DF OF
1 Mike Lundin Rob Scuderi 60 1 2 2
2 Cam Fowler Branislav Mezei 40 1 2 2
4 vs 4 Forward
Center Wing Time % Phy DF OF
1 Derek Boogaard Artemi Panarin 60 1 2 2
2 Martin Havlat Max Pacioretty 40 1 2 2
4 vs 4 Defense
Defense Defense Time % Phy DF OF
1 Mike Lundin Rob Scuderi 60 1 2 2
2 Cam Fowler Branislav Mezei 40 1 2 2
Last Minutes Offensive
Center Left Wing Right Wing Defense Defense
Mike Comrie Derek Boogaard Martin Havlat Mike Lundin Rob Scuderi
Last Minutes Defensive
Center Left Wing Right Wing Defense Defense
Mike Comrie Derek Boogaard Martin Havlat Mike Lundin Rob Scuderi
Goaltenders
Starting : Rick DiPietro
Backup : Andrei Vasilevskiy
Extra Forwards
Normal : Andreas Nodl, Cody Eakin, Eric Wellwood - PP : Andreas Nodl, Cody Eakin - PK : Eric Wellwood
Extra Defensemen
Normal : Dalton Prout, A.J Thelen, Anthony Bitetto - PP : Dalton Prout - PK : A.J Thelen, Anthony Bitetto
Penalty Shots
Derek Boogaard, Artemi Panarin, Martin Havlat, Max Pacioretty, Mike Comrie
Scratches
Devin Setoguchi (Healthy), Pavel Datsyuk (Torn Left Knee Ligaments Injury)
% Time on Ice - Canadiens
Lines # - Real PCT - Wanted PCT - Time Play
Normal Forward
1 - 31% - 40% - 14:01
2 - 29% - 30% - 13:15
3 - 20% - 15% - 9:11
4 - 20% - 15% - 9:13
Normal Defense
1 - 39% - 40% - 17:50
2 - 35% - 30% - 15:58
3 - 23% - 20% - 10:39
4 - 3% - 10% - 1:13
PP Forward
1 - 64% - 60% - 4:06
2 - 36% - 40% - 2:18
PP Defense
1 - 75% - 60% - 4:49
2 - 25% - 40% - 1:35
PK Forward
1 - 79% - 60% - 5:37
2 - 21% - 40% - 1:32
PK Defense
1 - 67% - 60% - 4:49
2 - 33% - 40% - 2:20
PK3 Forward
1 - 0% - 60%
2 - 0% - 40%
PK3 Defense
1 - 0% - 60%
2 - 0% - 40%
44 Forward
1 - 100% - 60% - 0:47
2 - 0% - 40% - 0:00
44 Defense
1 - 100% - 60% - 0:47
2 - 0% - 40% - 0:00
Last Minute Offensive - 0:00
Last Minute Defensive - 0:00
Total
Forward - 60:00
Defense - 60:00
|
% Time on Ice - Blue Jackets
Lines # - Real PCT - Wanted PCT - Time Play
Normal Forward
1 - 36% - 40% - 16:37
2 - 32% - 30% - 14:41
3 - 27% - 20% - 12:20
4 - 4% - 10% - 2:02
Normal Defense
1 - 37% - 40% - 17:05
2 - 33% - 30% - 15:09
3 - 20% - 20% - 9:04
4 - 10% - 10% - 4:22
PP Forward
1 - 56% - 60% - 4:00
2 - 44% - 40% - 3:09
PP Defense
1 - 57% - 60% - 4:06
2 - 43% - 40% - 3:03
PK Forward
1 - 72% - 60% - 4:36
2 - 28% - 40% - 1:48
PK Defense
1 - 60% - 60% - 3:49
2 - 40% - 40% - 2:35
PK3 Forward
1 - 0% - 60%
2 - 0% - 40%
PK3 Defense
1 - 0% - 60%
2 - 0% - 40%
44 Forward
1 - 100% - 60% - 0:47
2 - 0% - 40% - 0:00
44 Defense
1 - 100% - 60% - 0:47
2 - 0% - 40% - 0:00
Last Minute Offensive - 0:00
Last Minute Defensive - 0:00
Total
Forward - 60:00
Defense - 60:00
|
Play-by-Play
1st period
0:01 of 1st period - Mike Comrie wins face-off versus Henrik Sedin in neutral zone.
0:12 of 1st period - Snap shot by Mike Comrie.
0:12 of 1st period - Stopped by Henrik Lundqvist without a rebound.
0:13 of 1st period - Peter Mueller wins face-off versus Frans Nielsen in Canadiens zone.
0:40 of 1st period - Brett Maclean is hit by Cam Fowler.
1:24 of 1st period - Colton Parayko is hit by Peter Mueller and loses puck.
1:29 of 1st period - Slapshot by Artemi Panarin.
1:29 of 1st period - Stopped by Henrik Lundqvist with a rebound.
2:44 of 1st period - Snap shot by Dustin Boyd.
2:44 of 1st period - Stopped by Rick DiPietro with a rebound.
3:22 of 1st period - Snap shot by Benoit Pouliot.
3:22 of 1st period - Stopped by Rick DiPietro with a rebound.
3:32 of 1st period - Viktor Stalberg is hit by Andreas Nodl.
4:30 of 1st period - Snap shot by Greg Stewart.
4:30 of 1st period - Shot Blocked by Mike Comrie.
5:01 of 1st period - Shaone Morrisonn is hit by Cody Eakin.
5:15 of 1st period - Slapshot by Steve Downie.
5:15 of 1st period - Stopped by Rick DiPietro with a rebound.
5:17 of 1st period - Snap shot by Shaone Morrisonn.
5:17 of 1st period - Deflect By Benoit Pouliot.
5:17 of 1st period - Stopped by Rick DiPietro with a rebound.
6:35 of 1st period - Minor Penalty to Anthony Bitetto for Diving.
6:36 of 1st period - Henrik Sedin wins face-off versus Derek Boogaard in Blue Jackets zone.
8:35 of 1st period - Penalty to Anthony Bitetto is over, Anthony Bitetto is back on ice.
8:53 of 1st period - Snap shot by Derek Boogaard.
8:53 of 1st period - Shot Misses the Net.
9:25 of 1st period - Snap shot by Pierre-Marc Bouchard.
9:25 of 1st period - Stopped by Rick DiPietro with a rebound.
9:27 of 1st period - Slapshot by Shaone Morrisonn.
9:27 of 1st period - Stopped by Rick DiPietro with a rebound.
9:29 of 1st period - Wrist shot by Pierre-Marc Bouchard.
9:29 of 1st period - Goal by Pierre-Marc Bouchard - Canadiens : 1 - Blue Jackets : 0.
9:30 of 1st period - Cody Eakin wins face-off versus Henrik Sedin in neutral zone.
9:55 of 1st period - Mike Lundin is hit by Frans Nielsen and loses puck.
10:47 of 1st period - Branislav Mezei is hit by Dustin Boyd and loses puck.
11:08 of 1st period - Snap shot by Brett Maclean.
11:08 of 1st period - Shot Blocked by Anthony Bitetto.
11:10 of 1st period - Slapshot by Vitaly Vishnevsky.
11:10 of 1st period - Shot Misses the Net.
11:12 of 1st period - Backhand shot by Mark Stuart.
11:12 of 1st period - Stopped by Rick DiPietro with a rebound.
13:47 of 1st period - Off-side.
13:48 of 1st period - Frans Nielsen wins face-off versus Mike Comrie in neutral zone.
14:11 of 1st period - Minor Penalty to Vitaly Vishnevsky for Hooking.
14:12 of 1st period - Mike Comrie wins face-off versus Corey Perry in Canadiens zone.
14:13 of 1st period - Wrist shot by Derek Boogaard.
14:13 of 1st period - Stopped by Henrik Lundqvist with a rebound.
14:59 of 1st period - Frans Nielsen is hit by Martin Havlat and loses puck.
16:11 of 1st period - Penalty to Vitaly Vishnevsky is over, Vitaly Vishnevsky is back on ice.
16:13 of 1st period - Icing by Greg Stewart.
16:14 of 1st period - Mike Comrie wins face-off versus Dustin Boyd in Canadiens zone.
16:23 of 1st period - Snap shot by Greg Stewart.
16:23 of 1st period - Deflect By Dustin Boyd.
16:23 of 1st period - Shot Blocked by Max Pacioretty.
16:23 of 1st period - Puck is out of play.
16:24 of 1st period - Cody Eakin wins face-off versus Henrik Sedin in Blue Jackets zone.
16:35 of 1st period - Branislav Mezei is hit by Steve Downie and loses puck.
16:50 of 1st period - Snap shot by Mike Comrie.
16:50 of 1st period - Deflect By Corey Perry.
16:50 of 1st period - Shot Misses the Net.
16:50 of 1st period - Puck is out of play.
16:51 of 1st period - Frans Nielsen wins face-off versus Mike Comrie in Canadiens zone.
16:55 of 1st period - Off-side.
16:56 of 1st period - Mike Comrie wins face-off versus Henrik Sedin in neutral zone.
16:59 of 1st period - Wrist shot by Mike Comrie.
16:59 of 1st period - Stopped by Henrik Lundqvist with a rebound.
17:01 of 1st period - Slapshot by Mike Comrie.
17:01 of 1st period - Shot Misses the Net.
17:03 of 1st period - Slapshot by Rob Scuderi.
17:03 of 1st period - Deflect By Mike Comrie.
17:03 of 1st period - Goal by Mike Comrie - Canadiens : 1 - Blue Jackets : 1.
17:04 of 1st period - Henrik Sedin wins face-off versus Mike Comrie in neutral zone.
17:31 of 1st period - Snap shot by Andreas Nodl.
17:31 of 1st period - Stopped by Henrik Lundqvist without a rebound.
17:32 of 1st period - Greg Stewart wins face-off versus Cody Eakin in Canadiens zone.
17:34 of 1st period - Minor Penalty to Vitaly Vishnevsky for Tripping.
17:35 of 1st period - Corey Perry wins face-off versus Mike Comrie in Canadiens zone.
17:35 of 1st period - Corey Perry is hit by Martin Havlat.
17:48 of 1st period - Snap shot by Derek Boogaard.
17:48 of 1st period - Shot Misses the Net.
17:50 of 1st period - Wrist shot by Mike Comrie.
17:50 of 1st period - Shot Misses the Net.
19:34 of 1st period - Penalty to Vitaly Vishnevsky is over, Vitaly Vishnevsky is back on ice.
19:54 of 1st period - Snap shot by Andreas Nodl.
19:54 of 1st period - Goal by Andreas Nodl - Canadiens : 1 - Blue Jackets : 2.
19:55 of 1st period - Mike Comrie wins face-off versus Henrik Sedin in neutral zone.
Goals for this period are 1 for Canadiens vs 2 for Blue Jackets.
Shots for this period are 8 for Canadiens vs 7 for Blue Jackets.
2nd period
0:01 of 2nd period - Henrik Sedin wins face-off versus Mike Comrie in neutral zone.
0:26 of 2nd period - Tyler Kennedy is hit by Greg Stewart and loses puck.
0:31 of 2nd period - Wrist shot by Corey Perry.
0:31 of 2nd period - Stopped by Rick DiPietro with a rebound.
0:33 of 2nd period - Slapshot by Vitaly Vishnevsky.
0:33 of 2nd period - Stopped by Rick DiPietro with a rebound.
0:35 of 2nd period - Backhand shot by Frans Nielsen.
0:35 of 2nd period - Shot Blocked by Mike Lundin.
0:37 of 2nd period - Snap shot by Greg Stewart.
0:37 of 2nd period - Shot Misses the Net.
1:41 of 2nd period - Wrist shot by Dustin Boyd.
1:41 of 2nd period - Shot Blocked by Cam Fowler.
1:43 of 2nd period - Backhand shot by Dustin Boyd.
1:43 of 2nd period - Stopped by Rick DiPietro with a rebound.
1:45 of 2nd period - Slapshot by Vitaly Vishnevsky.
1:45 of 2nd period - Stopped by Rick DiPietro with a rebound.
1:47 of 2nd period - Slapshot by Vitaly Vishnevsky.
1:47 of 2nd period - Shot Blocked by Andreas Nodl.
1:51 of 2nd period - Slapshot by Dustin Boyd.
1:51 of 2nd period - Stopped by Rick DiPietro without a rebound.
1:52 of 2nd period - Benoit Pouliot wins face-off versus Mike Comrie in Blue Jackets zone.
1:57 of 2nd period - Wrist shot by Steve Downie.
1:57 of 2nd period - Goal by Steve Downie - Canadiens : 2 - Blue Jackets : 2.
1:58 of 2nd period - Mike Comrie wins face-off versus Henrik Sedin in neutral zone.
2:09 of 2nd period - Derek Boogaard is hit by Benoit Pouliot and loses puck.
2:23 of 2nd period - Icing by Martin Havlat.
2:24 of 2nd period - Frans Nielsen wins face-off versus Peter Mueller in Blue Jackets zone.
3:07 of 2nd period - Minor Penalty to Mike Comrie for Roughing.
3:08 of 2nd period - Henrik Sedin wins face-off versus Artemi Panarin in Blue Jackets zone.
3:23 of 2nd period - Snap shot by Henrik Sedin.
3:23 of 2nd period - Stopped by Rick DiPietro with a rebound.
3:25 of 2nd period - Snap shot by Bryce Lampman.
3:25 of 2nd period - Stopped by Rick DiPietro without a rebound.
3:26 of 2nd period - Derek Boogaard wins face-off versus Frans Nielsen in Blue Jackets zone.
4:14 of 2nd period - Icing by Bryce Lampman.
4:15 of 2nd period - Artemi Panarin wins face-off versus Henrik Sedin in Canadiens zone.
4:19 of 2nd period - Minor Penalty to Henrik Sedin for Holding.
4:20 of 2nd period - Derek Boogaard wins face-off versus Corey Perry in Canadiens zone.
4:30 of 2nd period - Snap shot by Derek Boogaard.
4:30 of 2nd period - Stopped by Henrik Lundqvist without a rebound.
4:31 of 2nd period - Corey Perry wins face-off versus Derek Boogaard in Canadiens zone.
4:31 of 2nd period - Corey Perry is hit by Rob Scuderi.
4:41 of 2nd period - Snap shot by Pierre-Marc Bouchard.
4:41 of 2nd period - Stopped by Rick DiPietro without a rebound.
4:42 of 2nd period - Corey Perry wins face-off versus Artemi Panarin in Blue Jackets zone.
4:43 of 2nd period - Wrist shot by Pierre-Marc Bouchard.
4:43 of 2nd period - Shot Misses the Net.
5:07 of 2nd period - Penalty to Mike Comrie is over, Mike Comrie is back on ice.
5:07 of 2nd period - Artemi Panarin is hit by Brett Maclean and loses puck.
5:44 of 2nd period - Benoit Pouliot is hit by Derek Boogaard and loses puck.
5:55 of 2nd period - Corey Perry is hit by Andreas Nodl and loses puck.
6:19 of 2nd period - Penalty to Henrik Sedin is over, Henrik Sedin is back on ice.
6:23 of 2nd period - Wrist shot by Greg Stewart.
6:23 of 2nd period - Shot Misses the Net.
6:33 of 2nd period - Martin Havlat is hit by Frans Nielsen and loses puck.
6:50 of 2nd period - Backhand shot by Frans Nielsen.
6:50 of 2nd period - Stopped by Rick DiPietro with a rebound.
6:52 of 2nd period - Snap shot by Greg Stewart.
6:52 of 2nd period - Shot Misses the Net.
6:54 of 2nd period - Snap shot by Colton Parayko.
6:54 of 2nd period - Deflect By Cam Fowler.
6:54 of 2nd period - Stopped by Rick DiPietro without a rebound.
6:55 of 2nd period - Pierre-Marc Bouchard wins face-off versus Max Pacioretty in Blue Jackets zone.
7:33 of 2nd period - Slapshot by Pierre-Marc Bouchard.
7:33 of 2nd period - Shot Misses the Net.
7:35 of 2nd period - Minor Penalty to Tyler Kennedy for Hooking.
7:36 of 2nd period - Derek Boogaard wins face-off versus Henrik Sedin in Blue Jackets zone.
7:53 of 2nd period - Slapshot by Vitaly Vishnevsky.
7:53 of 2nd period - Shot Misses the Net.
9:35 of 2nd period - Penalty to Tyler Kennedy is over, Tyler Kennedy is back on ice.
9:59 of 2nd period - Wrist shot by Mike Comrie.
9:59 of 2nd period - Shot Misses the Net.
10:56 of 2nd period - Rob Scuderi is hit by Pierre-Marc Bouchard.
11:50 of 2nd period - Andreas Nodl is hit by Vitaly Vishnevsky and loses puck.
12:03 of 2nd period - Artemi Panarin is hit by Pierre-Marc Bouchard and loses puck.
12:39 of 2nd period - Derek Boogaard is hit by Nikolai Zherdev and loses puck.
12:54 of 2nd period - Viktor Stalberg is hit by Martin Havlat and loses puck.
13:05 of 2nd period - Tyler Kennedy is hit by Greg Stewart and loses puck.
13:17 of 2nd period - Slapshot by Greg Stewart.
13:17 of 2nd period - Stopped by Rick DiPietro with a rebound.
14:02 of 2nd period - Slapshot by Enver Lisin.
14:02 of 2nd period - Stopped by Rick DiPietro with a rebound.
14:14 of 2nd period - Wrist shot by Dustin Boyd.
14:14 of 2nd period - Stopped by Rick DiPietro without a rebound.
14:15 of 2nd period - Mike Comrie wins face-off versus Nikolai Zherdev in Blue Jackets zone.
14:22 of 2nd period - Cam Fowler is hit by Vitaly Vishnevsky and loses puck.
15:25 of 2nd period - Minor Penalty to Mike Lundin for High sticking.
15:26 of 2nd period - Henrik Sedin wins face-off versus Derek Boogaard in Blue Jackets zone.
15:34 of 2nd period - Snap shot by Henrik Sedin.
15:34 of 2nd period - Stopped by Rick DiPietro with a rebound.
15:36 of 2nd period - Snap shot by Benoit Pouliot.
15:36 of 2nd period - Stopped by Rick DiPietro without a rebound.
15:37 of 2nd period - Henrik Sedin wins face-off versus Derek Boogaard in Blue Jackets zone.
16:22 of 2nd period - Snap shot by Henrik Sedin.
16:22 of 2nd period - Shot Blocked by Branislav Mezei.
16:24 of 2nd period - Wrist shot by Vitaly Vishnevsky.
16:24 of 2nd period - Stopped by Rick DiPietro with a rebound.
16:26 of 2nd period - Wrist shot by Benoit Pouliot.
16:26 of 2nd period - Deflect By Max Pacioretty.
16:26 of 2nd period - Stopped by Rick DiPietro without a rebound.
16:27 of 2nd period - Frans Nielsen wins face-off versus Derek Boogaard in Blue Jackets zone.
16:28 of 2nd period - Snap shot by Greg Stewart.
16:28 of 2nd period - Goal by Greg Stewart - Canadiens : 3 - Blue Jackets : 2.
16:29 of 2nd period - Frans Nielsen wins face-off versus Mike Comrie in neutral zone.
16:34 of 2nd period - Slapshot by Raphael Diaz.
16:34 of 2nd period - Deflect By Greg Stewart.
16:34 of 2nd period - Stopped by Rick DiPietro without a rebound.
16:35 of 2nd period - Mike Comrie wins face-off versus Frans Nielsen in Blue Jackets zone.
16:35 of 2nd period - Mike Comrie is hit by Colton Parayko.
16:45 of 2nd period - Snap shot by Martin Havlat.
16:45 of 2nd period - Shot Misses the Net.
16:47 of 2nd period - Wrist shot by Martin Havlat.
16:47 of 2nd period - Stopped by Henrik Lundqvist with a rebound.
16:49 of 2nd period - Slapshot by Mike Lundin.
16:49 of 2nd period - Deflect By Mike Comrie.
16:49 of 2nd period - Goal by Mike Comrie - Canadiens : 3 - Blue Jackets : 3.
16:50 of 2nd period - Mike Comrie wins face-off versus Henrik Sedin in neutral zone.
16:52 of 2nd period - Mike Lundin is hit by Colton Parayko and loses puck.
17:15 of 2nd period - Tyler Kennedy is hit by Greg Stewart and loses puck.
17:48 of 2nd period - Slapshot by Enver Lisin.
17:48 of 2nd period - Goal by Enver Lisin - Canadiens : 4 - Blue Jackets : 3.
17:49 of 2nd period - Henrik Sedin wins face-off versus Mike Comrie in neutral zone.
18:15 of 2nd period - Peter Mueller is hit by Frans Nielsen and loses puck.
18:22 of 2nd period - Frans Nielsen is hit by Artemi Panarin and loses puck.
18:42 of 2nd period - Icing by Andreas Nodl.
18:43 of 2nd period - Cody Eakin wins face-off versus Henrik Sedin in Blue Jackets zone.
19:44 of 2nd period - Snap shot by Artemi Panarin.
19:44 of 2nd period - Shot Blocked by Nikolai Zherdev.
19:54 of 2nd period - Slapshot by Cody Eakin.
19:54 of 2nd period - Shot Misses the Net.
19:56 of 2nd period - Slapshot by Rob Scuderi.
19:56 of 2nd period - Stopped by Henrik Lundqvist with a rebound.
19:58 of 2nd period - Slapshot by Rob Scuderi.
19:58 of 2nd period - Shot Misses the Net.
Goals for this period are 3 for Canadiens vs 1 for Blue Jackets.
Shots for this period are 21 for Canadiens vs 4 for Blue Jackets.
3rd period
0:01 of 3rd period - Henrik Sedin wins face-off versus Mike Comrie in neutral zone.
0:04 of 3rd period - Slapshot by Colton Parayko.
0:04 of 3rd period - Stopped by Rick DiPietro with a rebound.
0:10 of 3rd period - Henrik Sedin is hit by Rob Scuderi and loses puck.
0:15 of 3rd period - Snap shot by Derek Boogaard.
0:15 of 3rd period - Shot Misses the Net.
0:25 of 3rd period - Colton Parayko is hit by Artemi Panarin.
0:26 of 3rd period - Icing by Colton Parayko.
0:27 of 3rd period - Greg Stewart wins face-off versus Artemi Panarin in Canadiens zone.
0:27 of 3rd period - Greg Stewart is hit by Tyler Kennedy.
0:45 of 3rd period - Snap shot by Peter Mueller.
0:45 of 3rd period - Stopped by Henrik Lundqvist with a rebound.
1:02 of 3rd period - Icing by A.J Thelen.
1:03 of 3rd period - Henrik Sedin wins face-off versus Tyler Kennedy in Blue Jackets zone.
1:08 of 3rd period - Wrist shot by Benoit Pouliot.
1:08 of 3rd period - Stopped by Rick DiPietro without a rebound.
1:09 of 3rd period - Mike Comrie wins face-off versus Henrik Sedin in Blue Jackets zone.
1:13 of 3rd period - Off-side.
1:14 of 3rd period - Mike Comrie wins face-off versus Henrik Sedin in neutral zone.
1:50 of 3rd period - Snap shot by Pierre-Marc Bouchard.
1:50 of 3rd period - Shot Blocked by Branislav Mezei.
2:09 of 3rd period - Frans Nielsen is hit by Tyler Kennedy and loses puck.
2:14 of 3rd period - Wrist shot by Peter Mueller.
2:14 of 3rd period - Shot Blocked by Mark Stuart.
2:16 of 3rd period - Slapshot by Peter Mueller.
2:16 of 3rd period - Shot Misses the Net.
2:18 of 3rd period - Snap shot by Artemi Panarin.
2:18 of 3rd period - Stopped by Henrik Lundqvist with a rebound.
2:57 of 3rd period - Shaone Morrisonn is hit by Artemi Panarin and loses puck.
3:05 of 3rd period - Icing by Shaone Morrisonn.
3:06 of 3rd period - Cody Eakin wins face-off versus Pierre-Marc Bouchard in Canadiens zone.
3:09 of 3rd period - Wrist shot by Andreas Nodl.
3:09 of 3rd period - Stopped by Henrik Lundqvist without a rebound.
3:10 of 3rd period - Cody Eakin wins face-off versus Pierre-Marc Bouchard in Canadiens zone.
4:01 of 3rd period - Snap shot by Brett Maclean.
4:01 of 3rd period - Shot Misses the Net.
4:03 of 3rd period - Slapshot by Enver Lisin.
4:03 of 3rd period - Shot Blocked by Max Pacioretty.
4:05 of 3rd period - Slapshot by Mark Stuart.
4:05 of 3rd period - Deflect By Brett Maclean.
4:05 of 3rd period - Stopped by Rick DiPietro without a rebound.
4:06 of 3rd period - Henrik Sedin wins face-off versus Mike Comrie in Blue Jackets zone.
4:39 of 3rd period - Slapshot by Greg Stewart.
4:39 of 3rd period - Stopped by Rick DiPietro with a rebound.
4:41 of 3rd period - Slapshot by Colton Parayko.
4:41 of 3rd period - Shot Blocked by Rob Scuderi.
5:45 of 3rd period - Wrist shot by Pierre-Marc Bouchard.
5:45 of 3rd period - Shot Misses the Net.
5:59 of 3rd period - Wrist shot by Enver Lisin.
5:59 of 3rd period - Shot Misses the Net.
6:29 of 3rd period - Slapshot by Nikolai Zherdev.
6:29 of 3rd period - Stopped by Rick DiPietro without a rebound.
6:30 of 3rd period - Cody Eakin wins face-off versus Henrik Sedin in Blue Jackets zone.
6:30 of 3rd period - Cody Eakin is hit by Steve Downie.
6:35 of 3rd period - Cam Fowler is hit by Colton Parayko and loses puck.
6:56 of 3rd period - Mike Comrie is hit by Dustin Boyd and loses puck.
7:03 of 3rd period - Snap shot by Viktor Stalberg.
7:03 of 3rd period - Stopped by Rick DiPietro without a rebound.
7:04 of 3rd period - Peter Mueller wins face-off versus Henrik Sedin in Blue Jackets zone.
7:04 of 3rd period - Peter Mueller is hit by Henrik Sedin.
7:40 of 3rd period - Wrist shot by Derek Boogaard.
7:40 of 3rd period - Stopped by Henrik Lundqvist without a rebound.
7:41 of 3rd period - Mike Comrie wins face-off versus Corey Perry in Canadiens zone.
7:42 of 3rd period - Slapshot by Derek Boogaard.
7:42 of 3rd period - Shot Blocked by Greg Stewart.
7:48 of 3rd period - Snap shot by Corey Perry.
7:48 of 3rd period - Stopped by Rick DiPietro without a rebound.
7:49 of 3rd period - Derek Boogaard wins face-off versus Frans Nielsen in Blue Jackets zone.
7:54 of 3rd period - Frans Nielsen is hit by Martin Havlat and loses puck.
8:37 of 3rd period - Snap shot by Greg Stewart.
8:37 of 3rd period - Stopped by Rick DiPietro with a rebound.
9:13 of 3rd period - Snap shot by Frans Nielsen.
9:13 of 3rd period - Stopped by Rick DiPietro with a rebound.
9:39 of 3rd period - Slapshot by Greg Stewart.
9:39 of 3rd period - Goal by Greg Stewart - Canadiens : 5 - Blue Jackets : 3.
9:40 of 3rd period - Henrik Sedin wins face-off versus Peter Mueller in neutral zone.
9:43 of 3rd period - Wrist shot by Benoit Pouliot.
9:43 of 3rd period - Deflect By Mike Lundin.
9:43 of 3rd period - Shot Blocked by Mike Lundin.
9:43 of 3rd period - Puck is out of play.
9:44 of 3rd period - Henrik Sedin wins face-off versus Peter Mueller in Blue Jackets zone.
9:55 of 3rd period - Snap shot by Peter Mueller.
9:55 of 3rd period - Shot Blocked by Vitaly Vishnevsky.
9:57 of 3rd period - Snap shot by Peter Mueller.
9:57 of 3rd period - Shot Misses the Net.
9:59 of 3rd period - Slapshot by Rob Scuderi.
9:59 of 3rd period - Stopped by Henrik Lundqvist without a rebound.
10:00 of 3rd period - Henrik Sedin wins face-off versus Mike Comrie in Canadiens zone.
10:02 of 3rd period - Minor Penalty to Mark Stuart for Tripping.
10:03 of 3rd period - Corey Perry wins face-off versus Mike Comrie in Canadiens zone.
10:11 of 3rd period - Slapshot by Mike Lundin.
10:11 of 3rd period - Stopped by Henrik Lundqvist without a rebound.
10:12 of 3rd period - Mike Comrie wins face-off versus Corey Perry in Canadiens zone.
10:32 of 3rd period - Wrist shot by Mike Lundin.
10:32 of 3rd period - Stopped by Henrik Lundqvist without a rebound.
10:33 of 3rd period - Corey Perry wins face-off versus Peter Mueller in Canadiens zone.
11:05 of 3rd period - Wrist shot by Martin Havlat.
11:05 of 3rd period - Shot Misses the Net.
11:07 of 3rd period - Backhand shot by Rob Scuderi.
11:07 of 3rd period - Shot Blocked by Colton Parayko.
11:09 of 3rd period - Snap shot by Derek Boogaard.
11:09 of 3rd period - Deflect By Mike Comrie.
11:09 of 3rd period - Shot Misses the Net.
11:09 of 3rd period - Puck is out of play.
11:10 of 3rd period - Corey Perry wins face-off versus Mike Comrie in Canadiens zone.
11:20 of 3rd period - Snap shot by Mike Comrie.
11:20 of 3rd period - Stopped by Henrik Lundqvist with a rebound.
11:22 of 3rd period - Snap shot by Mike Comrie.
11:22 of 3rd period - Shot Blocked by Colton Parayko.
11:24 of 3rd period - Snap shot by Mike Comrie.
11:24 of 3rd period - Shot Misses the Net.
12:02 of 3rd period - Penalty to Mark Stuart is over, Mark Stuart is back on ice.
12:48 of 3rd period - Wrist shot by Viktor Stalberg.
12:48 of 3rd period - Stopped by Rick DiPietro with a rebound.
13:04 of 3rd period - Snap shot by Henrik Sedin.
13:04 of 3rd period - Shot Misses the Net.
14:00 of 3rd period - Slapshot by Steve Downie.
14:00 of 3rd period - Stopped by Rick DiPietro with a rebound.
14:58 of 3rd period - A.J Thelen is hit by Benoit Pouliot.
17:59 of 3rd period - Ryan Wilson is hit by Vitaly Vishnevsky and loses puck.
18:30 of 3rd period - Slapshot by Benoit Pouliot.
18:30 of 3rd period - Stopped by Rick DiPietro with a rebound.
18:37 of 3rd period - Icing by Dalton Prout.
18:38 of 3rd period - Mike Comrie wins face-off versus Dustin Boyd in Blue Jackets zone.
18:50 of 3rd period - Minor Penalty to Tyler Kennedy for Hooking.
18:51 of 3rd period - Henrik Sedin wins face-off versus Derek Boogaard in Blue Jackets zone.
19:01 of 3rd period - Snap shot by Corey Perry.
19:01 of 3rd period - Goal by Corey Perry - Canadiens : 6 - Blue Jackets : 3.
19:02 of 3rd period - Henrik Sedin wins face-off versus Mike Comrie in neutral zone.
Goals for this period are 2 for Canadiens vs 0 for Blue Jackets.
Shots for this period are 14 for Canadiens vs 8 for Blue Jackets.
Back to the Top